 Dungeon Crawl Stone Soup version 0.21-a0-513-gdcb3f5e (webtiles) character file.

4337 slep the Cleaver (level 10, -13/71 HPs)
             Began as a Barachi Gladiator on Dec 2, 2017.
             Was an Elder of Okawaru.
             Mangled by a two-headed ogre
             ... wielding a +0 giant club
              (23 damage)
             ... on level 9 of the Dungeon.
             The game lasted 00:28:13 (6275 turns).

slep the Cleaver (Barachi Gladiator)                Turns: 6275, Time: 00:28:24

Health: -13/71     AC: 13    Str: 15      XL:     10   Next: 33%
Magic:  10/10      EV: 14    Int: 10 (11) God:    Okawaru [****..]
Gold:   494        SH:  5    Dex: 15 (17) Spells: 9/9 levels left

rFire    . . .     SeeInvis .   a - +0 war axe
rCold    . . .     Gourm    .   x - +0 buckler
rNeg     . . .     Faith    .   t - +0 ring mail (curse)
rPois    .         Spirit   .   c - +0 helmet
rElec    .         Reflect  .   b - +0 cloak
rCorr    .         Harm     .   w - +2 pair of gloves
MR       .....                  v - +0 pair of boots
Stlth    ++........             q - amulet of regeneration
HPRegen  0.61/turn              u - ring of fire
MPRegen  0.12/turn              A - ring of ice

@: drained, slow
A: +LOS, swims, clever 1, frail 1, slowness 1, strong legs 1
a: Hop, Heroism, Renounce Religion


You were on level 9 of the Dungeon.
You worshipped Okawaru.
Okawaru was greatly pleased with you.
You were not hungry.

You visited 1 branch of the dungeon, and saw 9 of its levels.

You collected 494 gold pieces.

Inventory:

Hand Weapons
 a - a +0 war axe (weapon)
 J - a +3 flail
Armour
 b - a +0 cloak (worn)
 c - a +0 helmet (worn)
 m - a +2 leather armour of magic resistance
 t - a cursed +0 ring mail (worn)
 v - a +0 pair of boots (worn)
 w - a +2 pair of gloves (worn)
 x - a +0 buckler (worn)
 C - a +0 hat
Jewellery
 j - an uncursed ring of flight
 q - an amulet of regeneration (around neck)
 u - a ring of fire (left hand)
 A - a ring of ice (right hand)
Wands
 F - a wand of acid (1)
 H - a wand of flame (34)
 I - a wand of polymorph (17)
Scrolls
 e - a scroll of blinking {unknown}
 h - 7 scrolls of remove curse {unknown}
 i - a scroll of amnesia {unknown}
 k - 7 scrolls of identify {unknown}
 l - 4 scrolls of teleportation {unknown}
 s - a scroll of magic mapping {unknown}
 y - 3 scrolls of enchant weapon {unknown}
 K - a scroll of fog {unknown}
Potions
 o - 3 potions of curing
 r - a potion of mutation
 E - a potion of flight
 L - a potion of magic {unknown}
Books
 G - a book of Conjurations

   Spells                             Type                      Level
   a - Magic Dart                     Conjuration                  1
   b - Searing Ray                    Conjuration                  2
   c - Dazzling Spray                 Conjuration/Hexes            3
   d - Fulminant Prism                Conjuration/Hexes            4
   e - Force Lance                    Conjuration/Translocation    4
   f - Iskenderun's Mystic Blast      Conjuration                  4
Comestibles
 f - 7 bread rations
 g - 7 meat rations
 n - 4 royal jellies
 p - a fruit


   Skills:
 + Level 7.0(6.8) Fighting
 + Level 11.4(11.3) Axes
 + Level 2.3(2.2) Throwing
 + Level 6.1(5.9) Armour
 + Level 6.3(6.2) Dodging
 + Level 4.0(3.9) Stealth
 + Level 3.4(3.3) Shields


You had 9 spell levels left.
You didn't know any spells.

Dungeon Overview and Level Annotations

Branches:
Dungeon (9/15)             Temple (0/1) D:7            Lair (0/6) D:8
    Orc: D:9-12

Altars:
Ashenzari
Cheibriados
Dithmenos
Hepliaklqana
Kikubaaqudgha
Nemelex Xobeh
Okawaru
Ru
Trog
Vehumet
Xom
The Shining One

Shops:
D:8 %


Innate Abilities, Weirdness & Mutations

Shadows flee at your approach. (+LOS)
You can swim through water.
You cover ground slowly.
You can hop short distances.
Your mind is acute. (Int +2)
You are frail. (-10% HP)


Message History

* * * LOW HITPOINT WARNING * * *
The two-headed ogre misses you. The hound misses you.
Evoke which item? (* to show all) (? for menu, Esc to quit)
Aiming: Corrosive Bolt
Press: ? - help, Shift-Dir - straight line, f - two-headed ogre
Aim: a two-headed ogre, wielding a giant club and a giant spiked club (moderately wounded)
The bolt of acid hits the hound.
The hound is splashed with acid.
The acid corrodes the hound!
You kill the hound!
Okawaru accepts your kill.
Your base Fighting skill increases to level 7!
The bolt of acid hits the two-headed ogre.
The two-headed ogre is splashed with acid.
The acid corrodes the two-headed ogre!
The two-headed ogre is severely wounded.
You hear two shouts!
The two-headed ogre hits you with a giant club.
* * * LOW HITPOINT WARNING * * *
The two-headed ogre hits you with a giant spiked club!!
You die...

.# #.#..# ########
#.#z.# ........
#.#z.#
####..(.######.#..#
...............#..#
####..♣.......(#..#
........O@....#..#
#.##...........#..#
#.....#####.#..#.
#.....# #.....#.# .
#..[..# #..##.#.#
.. .......#
#.....#.#####..
###.....#
#.#####.......
.......
#)####......##
#######
#.#..........#


You could see a two-headed ogre.

Vanquished Creatures
  A two-headed ogre (D:9)
  A manticore (D:7)
  Joseph (D:9)
  Prince Ribbit (D:5)
  A hippogriff (D:8)
  A hungry ghost (D:7)
  An orc warrior (D:9)
  An eye of draining (D:8)
  An ice beast (D:5)
  3 ogres
  2 black bears (D:9)
  2 centaurs
  A bullfrog (D:9)
  A scorpion (D:4)
  2 wights (D:9)
  4 howler monkeys
  A crimson imp (D:2)
  2 jellies
  3 bullfrog zombies (D:8)
  A centaur skeleton (D:6)
  6 hounds
  Crazy Yiuf (D:5)
  2 orc priests
  2 bullfrog skeletons
  4 iguanas
  6 orc wizards
  7 worker ants
  A hound skeleton (D:7)
  A howler monkey skeleton (D:7)
  10 adders
  2 shadow imps (D:6)
  3 oozes
  2 adder skeletons
  5 worms
  5 leopard geckos
  25 orcs
  2 ball pythons
  11 bats
  6 giant cockroaches
  8 hobgoblins
  5 jackals
  4 quokkas
  10 frilled lizards
  8 goblins
  A jackal skeleton (D:4)
  4 kobolds
  A leopard gecko zombie (D:6)
  A quokka zombie (D:7)
  8 rats
182 creatures vanquished.

Notes
Turn   | Place    | Note
-------+----------+-------------------------------------------
     0 | D:1      | slep the Barachi Gladiator began the quest for the Orb.
     0 | D:1      | Reached XP level 1. HP: 17/17 MP: 1/1
   130 | D:1      | Reached XP level 2. HP: 18/23 MP: 2/2
   762 | D:2      | Found a snail-covered altar of Cheibriados.
   762 | D:2      | Found a shattered altar of Ashenzari.
   763 | D:2      | Found a sparkling altar of Nemelex Xobeh.
   767 | D:2      | Reached XP level 3. HP: 27/28 MP: 3/3
   800 | D:2      | Found a sacrificial altar of Ru.
   832 | D:2      | Reached skill level 4 in Axes
   913 | D:2      | Reached skill level 1 in Armour
   913 | D:2      | Reached XP level 4. HP: 27/34 MP: 4/4
  1496 | D:2      | Reached skill level 5 in Axes
  1617 | D:3      | Reached XP level 5. HP: 39/39 MP: 5/5
  1853 | D:3      | Reached XP level 6. HP: 19/47 MP: 6/6
  1857 | D:3      | Reached skill level 6 in Axes
  1941 | D:3      | Found a radiant altar of Vehumet.
  2517 | D:4      | Reached XP level 7. HP: 52/52 MP: 7/7
  2554 | D:4      | Reached skill level 7 in Axes
  3017 | D:5      | Entered Level 5 of the Dungeon
  3017 | D:5      | Found an iron altar of Okawaru.
  3020 | D:5      | Became a worshipper of Warmaster Okawaru
  3215 | D:5      | Reached skill level 1 in Shields
  3230 | D:5      | Found a sparkling altar of Nemelex Xobeh.
  3296 | D:5      | Reached skill level 1 in Stealth
  3319 | D:5      | Found an ancient bone altar of Kikubaaqudgha.
  3335 | D:5      | Reached skill level 8 in Axes
  3335 | D:5      | Reached XP level 8. HP: 57/60 MP: 8/8
  3336 | D:5      | Noticed Prince Ribbit
  3361 | D:5      | Killed Prince Ribbit
  3361 | D:5      | Reached * piety under Okawaru
  3806 | D:5      | Found a runed door.
  3810 | D:5      | Gained mutation: You are frail. (-10% HP) [potion of mutation]
  3810 | D:5      | Gained mutation: Your mind is acute. (Int +2) [potion of mutation]
  3812 | D:5      | Noticed Crazy Yiuf
  3823 | D:5      | Killed Crazy Yiuf
  3956 | D:6      | Reached skill level 9 in Axes
  4309 | D:7      | Reached ** piety under Okawaru
  4309 | D:7      | Reached skill level 5 in Dodging
  4344 | D:7      | Found a shimmering altar of Xom.
  4371 | D:7      | Found a shadowy altar of Dithmenos.
  4371 | D:7      | Found a glowing golden altar of the Shining One.
  4372 | D:7      | Found a hazy altar of Hepliaklqana.
  4515 | D:7      | Reached XP level 9. HP: 40/60 MP: 9/9
  4772 | D:7      | Reached skill level 5 in Armour
  4789 | D:7      | Found a faded altar of an unknown god.
  4791 | D:7      | Found a staircase to the Ecumenical Temple.
  4901 | D:7      | Noticed a manticore
  4914 | D:7      | Killed a manticore
  4914 | D:7      | Reached skill level 5 in Fighting
  4914 | D:7      | Reached skill level 10 in Axes
  5104 | D:8      | Found Zeixus's Food Shop.
  5494 | D:8      | Found a staircase to the Lair.
  5524 | D:8      | Reached *** piety under Okawaru
  5700 | D:9      | Noticed a two-headed ogre
  5718 | D:9      | Killed a two-headed ogre
  5718 | D:9      | Reached skill level 11 in Axes
  5718 | D:9      | Reached XP level 10. HP: 38/69 MP: 10/10
  5734 | D:9      | Reached **** piety under Okawaru
  5837 | D:9      | Noticed Joseph
  5865 | D:9      | Killed Joseph
  5950 | D:9      | Found a bloodstained altar of Trog.
  6252 | D:9      | Noticed a two-headed ogre
  6275 | D:9      | Mangled by a two-headed ogre

Vault maps used:
D:1:      dpeg_arrival_simpleton_b
D:2:      grunt_temple_overflow_open, serial_co_window_serial,
          co_window_paths_b, co_window_paths_a, co_window_corner_a,
          co_window_of_opportunity_a, co_window_of_opportunity_a,
          co_window_corner_a, co_window_paths_a, co_window_of_opportunity_c,
          co_window_2corner, co_window_of_opportunity_b, co_window_sun,
          glass_columns_a, glass_columns_a, glass_columns_a,
          nicolae_ru_awakened_eye
D:3:      fiery_altar_vehumet
D:5:      kiku_gazebo_pond_becter, lemuel_crystal_altar, first_bread,
          nemelex_dance_club_becter, uniq_prince_ribbit1,
          uniq_crazy_yiuf_cottage
D:7:      gammafunk_temple_overflow_claw, xom_teletrap_fun,
          nicolae_temple_entry_ecumenical
D:8:      dpeg_oklobed_lair, serial_shops, shop
D:9:      trog_ov_bears_minmay, serial_shops, kennysheep_little_box, uniq_joseph

Skill      XL: |  1  2  3  4  5  6  7  8  9 10 |
---------------+-------------------------------+-----
Axes           | 4 5 6 8 9 11 | 11.4
Armour         | 1 2 3 4 5 6 |  6.1
Dodging        | 4 5 6 |  6.3
Fighting       | 3 4 6 7 |  7.0
Shields        | 1 2 3 |  3.4
Stealth        | 1 2 3 4 |  4.0
Throwing       | |  2.3

Action                   |  1- 3 |  4- 6 |  7- 9 | 10-12 || total
-------------------------+-------+-------+-------+-------++-------
Melee: War axe           |    88 |   185 |   341 |    94 ||   708
Throw: Throwing net      |       |       |     4 |     1 ||     5
Evoke: Wand              |       |       |       |     2 ||     2
  Use: Potion            |       |     1 |     7 |     1 ||     9
 Stab: Sleeping          |       |       |     9 |       ||     9
       Held in net/web   |       |       |     2 |     1 ||     3
       Invisible         |       |       |     2 |       ||     2
  Eat: Chunk             |     1 |     6 |    10 |     2 ||    19
       Bread ration      |       |       |     1 |       ||     1
Armor: Leather armour    |    38 |    50 |       |       ||    88
       Ring mail         |       |    18 |   112 |    35 ||   165
Dodge: Dodged            |    85 |   138 |   174 |    55 ||   452
Block: Buckler           |       |    10 |    74 |     8 ||    92
       Large shield      |       |     6 |       |       ||     6

Table legend:
 A = Spawn XP
 B = Non-spawn XP
 C = Spawn XP percentage of total XP
 D = Spawn monster count
 E = Non-spawn monster count
 F = Spawn count percentage of total count
 G = Total turns spent on level
                    A         B        C        D         E        F      G
               +---------+---------+-------+---------+---------+-------+---------
         Total |       0 |    6196 |   0.0 |       0 |     182 |   0.0 |  6275
               +---------+---------+-------+---------+---------+-------+---------
           D:1 |       0 |      33 |   0.0 |       0 |      24 |   0.0 |   762
           D:2 |       0 |     118 |   0.0 |       0 |      22 |   0.0 |   845
           D:3 |       0 |     308 |   0.0 |       0 |      34 |   0.0 |   723
           D:4 |       0 |     356 |   0.0 |       0 |      23 |   0.0 |   687
           D:5 |       0 |     859 |   0.0 |       0 |      15 |   0.0 |   857
           D:6 |       0 |     311 |   0.0 |       0 |       9 |   0.0 |   379
           D:7 |       0 |    1112 |   0.0 |       0 |      22 |   0.0 |   827
           D:8 |       0 |     815 |   0.0 |       0 |      13 |   0.0 |   577
           D:9 |       0 |    2284 |   0.0 |       0 |      20 |   0.0 |   618
               +---------+---------+-------+---------+---------+-------+---------
